 Dungeon Crawl Stone Soup version 0.26-a0-950-g52035dc9a5 (webtiles) character file.

Game seed: 13446347956860076795

124 PentaManta the Ruffian (level 4, 0/44 HPs)
             Began as a Troll Monk on Nov 29, 2020.
             Slain by an orc
             ... wielding a +0 flail
              (7 damage)
             ... on level 3 of the Dungeon.
             The game lasted 00:04:48 (1849 turns).

PentaManta the Ruffian (Troll Monk)                 Turns: 1849, Time: 00:04:49

Health: 0/44       AC:  7    Str: 20    XL:     4   Next: 81%
Magic:  3/3        EV: 10    Int:  6    God:
Gold:   119        SH:  0    Dex: 12    Spells: 3/3 levels left

rFire    . . .     SeeInvis .     - Unarmed
rCold    . . .     Faith    .   (no shield)
rNeg     . . .     Spirit   .   m - +0 animal skin
rPois    .         Reflect  .   (helmet restricted)
rElec    .         Harm     .   o - +0 cloak
rCorr    .         Rampage  .   (gloves unavailable)
MR       .....                  (boots unavailable)
Stlth    ++........             (no amulet)
HPRegen  0.54/turn              (no ring)
MPRegen  0.08/turn              (no ring)

@: no status effects
A: large, unfitting armour, claws 3, regeneration 1, shaggy fur 1, tough skin 3
a: no special abilities


You were on level 3 of the Dungeon.
You visited 1 branch of the dungeon, and saw 3 of its levels.

You collected 119 gold pieces.

Inventory:

Hand Weapons
 c - a +2 dagger of speed
 j - a +3 dagger of venom
 k - a +1 dagger of venom
Missiles
 q - 18 poisoned darts (quivered)
Armour
 a - a +0 robe
 m - a +0 animal skin (worn)
 o - a +0 cloak (worn)
Wands
 l - a wand of polymorph (10)
Scrolls
 f - 2 scrolls of teleportation
Potions
 b - a potion of ambrosia
 e - 4 potions of heal wounds
 i - a potion of berserk rage
 n - a potion of invisibility


   Skills:
 - Level 2.4 Fighting
 - Level 2.4 Dodging
 - Level 1.0 Stealth
 + Level 5.6 Unarmed Combat


You had 3 spell levels left.
You didn't know any spells.
Your spell library was empty.

Dungeon Overview and Level Annotations

Branches:
Dungeon (3/15)

Altars:

Annotations:
D:2 1 exclusion


Innate Abilities, Weirdness & Mutations

You are too large for most types of armour.
You have claws for hands.
Your natural rate of healing is unusually fast.
You are covered in fur. (AC +1)
You have extremely tough skin. (AC +3)


Message History

The orc completely misses you. The orc misses you.
You scratch the hobgoblin.
The hobgoblin is almost dead.
The orc hits you but does no damage. The orc hits you with a +0 flail.
* * * LOW HITPOINT WARNING * * *
The hobgoblin closely misses you.
You scratch the hobgoblin but do no damage.
The hobgoblin is almost dead.
The orc completely misses you.
You claw the hobgoblin!
You kill the hobgoblin!
The orc barely misses you. The orc hits you but does no damage.
Unknown command.
You barely miss the orc. The orc hits you but does no damage.
You barely miss the orc. You claw the orc.
The orc is lightly wounded.
The orc hits you with a +0 dagger.
* * * LOW HITPOINT WARNING * * *
The orc hits you with a +0 flail!
You die...

###....... .. ........
#'# ### ....... #.# #.#
..... ###.# #.## ##...
#...####...
#...######.##.....).
#.oo##............## #
#.)@##.##..##.#####
#...####'###.##..##.#
.............##.###.#
.............##.#...#
.....##.###.###.#.#######
.#.. ....................
###.#########..#.#.#.#|#
# ####..#.......##
#.....#.#.#.....


You could see 2 orcs.

Vanquished Creatures
  An orc wizard (D:3)
  An orc priest (D:3)
  Robin (D:2)
  A worm (D:2)
  A leopard gecko (D:2)
  2 orcs (D:3)
  4 bats
  2 giant cockroaches
  14 goblins
  10 hobgoblins
  2 kobolds
  6 rats
45 creatures vanquished.

Notes
Turn   | Place    | Note
-------+----------+-------------------------------------------
     0 | D:1      | PentaManta the Troll Monk began the quest for the Orb.
     0 | D:1      | Reached XP level 1. HP: 22/22 MP: 0/0
   237 | D:1      | Reached XP level 2. HP: 29/29 MP: 1/1
   552 | D:1      | Reached skill level 4 in Unarmed Combat
  1007 | D:2      | Noticed Robin
  1020 | D:2      | Reached XP level 3. HP: 31/36 MP: 2/2
  1027 | D:2      | Killed Robin
  1840 | D:3      | Reached skill level 5 in Unarmed Combat
  1840 | D:3      | Reached XP level 4. HP: 37/44 MP: 3/3
  1849 | D:3      | Slain by an orc

Illustrated notes

Levels and vault maps discovered:
D:1:      erik_arrival_triangle_huge, layout_basic, minmay_tripent
D:2:      layout_basic, lemuel_another_geyser, uniq_robin
D:3:      layout_basic, regret_index_temple_of_mockery, old_standard_altar

Skill      XL: |  1  2  3 |
---------------+----------+-----
Unarmed Combat | 4 5 |  5.6
Fighting       | |  2.4
Dodging        | |  2.4
Stealth        | |  1.0

Action                   |  1- 3 |  4- 6 || total
-------------------------+-------+-------++-------
Melee: Unarmed           |    92 |     9 ||   101
       Punch             |     1 |     1 ||     2
  Use: Scroll            |     8 |       ||     8
 Stab: Sleeping          |     1 |       ||     1
Armor: Robe              |    34 |       ||    34
       Animal skin       |    11 |     5 ||    16
Dodge: Dodged            |    38 |    10 ||    48

Table legend: (Time is in decaauts)
 A = Elapsed time spent in this place.
 B = Non-inter-level travel time spent in this place.
 C = Inter-level travel time spent in this place.
 D = Time resting spent in this place.
 E = Time spent auto-exploring this place.
 F = Levels seen in this place.
 G = Mean time per level.
                   A        B        C        D        E       F      G
               +--------+--------+--------+--------+--------+-----+--------+
         Total |   1841 |   1694 |    147 |      0 |   1399 |   3 |  613.7 |
       Dungeon |   1841 |   1694 |    147 |      0 |   1399 |   3 |  613.7 |
               +--------+--------+--------+--------+--------+-----+--------+

Top non-repeatable levels by time:
     D:1: 886 daAuts
     D:2: 837 daAuts
     D:3: 116 daAuts
